Map: King Sejong Station LE

Players

CaptainSteve

  • Race: Zerg Zerg
  • League: Platinum

Arnak - Winner!

  • Race: Terran Terran

VOD

Have the link to the VOD?

Description

Time

  • Played on: July 27, 2016, 4:50 p.m.
  • Length: 11:29
Show
View Real Time Build Order
Export as new Build Order

CaptainSteve Zerg 

Build Orders: Hatch First 

Get SALT Encoding   

  12  0:01  Drone  
  13  0:12  Overlord  
  13  0:17  Drone  
  14  0:30  Drone x2  
  16  0:36  Drone  
  17  0:55  Drone  
  17  0:56  Hatchery  
  17  0:58  Drone  
  18  1:09  Extractor  
  17  1:14  Spawning Pool  
  17  1:17  Drone  
  17  1:20  Drone  
  18  1:28  Drone  
  19  1:39  Overlord  
  19  2:01  Zergling x2  
  19  2:02  Queen  
  19  2:08  Zergling x2  
  23  2:09  Queen  
  23  2:10  Drone  
  23  2:12  Drone  
  27  2:22  Drone x2  
  28  2:41  Drone x3  
  31  2:49  Metabolic Boost  
  30  2:57  Queen x2  
  34  3:00  Overlord x2  
  34  3:09  Zergling x4  
  36  3:17  Roach Warren  
  35  3:27  Drone  
  35  3:28  Drone x7  
  42  3:50  Drone x3  
  42  3:52  Hatchery  
  44  4:01  Overlord x2  
  44  4:03  Drone x2  
  44  4:05  Extractor  
  44  4:06  Spore Crawler, Extractor  
  44  4:07  Lair  
  42  4:13  Zergling x6  
  45  4:29  Drone x4  
  49  4:51  Roach x3  
  49  4:52  Roach x5  
  65  4:56  Queen  
  67  5:09  Spore Crawler  
  67  5:10  Overseer x2  
  67  5:13  Spore Crawler  
  65  5:15  Ravager  
  61  5:32  Queen  
  55  5:39  Roach x5  
  65  5:48  Drone x6  
  71  5:57  Drone  
  71  5:58  Drone  
  71  6:03  Infestation Pit  
  72  6:06  Drone x2  
  74  6:15  Overseer, Extractor  
  73  6:24  Drone  
  73  6:25  Overlord x3  
  74  6:28  Overseer  
  74  6:40  Hive  
  74  6:45  Evolution Chamber  
  63  7:03  Drone  
  63  7:04  Drone x4  
  63  7:05  Drone x11  
  79  7:15  Overlord x2  
  79  7:20  Extractor  
  79  7:21  Extractor  
  77  7:24  Spore Crawler  
  77  7:25  Spine Crawler  
  77  7:27  Spore Crawler  
  74  7:37  Drone x8  
  82  7:48  Ravager x5  
  82  7:49  Zergling x2  
  82  7:50  Zergling x4  
  90  8:14  Drone x3  
  93  8:25  Infestor  
  93  8:26  Infestor x4  
  102  9:07  Hatchery  
  100  9:21  Zerg Melee Weapons Level 1  
  100  9:24  Ultralisk Cavern  
  99  9:27  Evolution Chamber, Overlord x2  
  99  9:28  Overlord x4  
  99  9:30  Overlord x4  
  98  9:44  Overlord x4  
  98  9:46  Zergling x2  
  98  9:47  Zergling x14  
  98  9:49  Adrenal Glands  
  98  9:50  Zergling x4  
  98  9:51  Zergling x8  
  112  10:06  Hatchery  
  111  10:21  Zergling x2  
  111  10:22  Zergling x16  
  111  10:27  Ultralisk x2  
  132  10:38  Ultralisk x3  
Show
View Real Time Build Order
Export as new Build Order

Arnak Terran - Winner!

Build Orders: Reaper Expand, MMM Bio 

Get SALT Encoding   

  12  0:01  SCV  
  13  0:13  SCV  
  14  0:17  Supply Depot  
  14  0:25  SCV  
  15  0:39  SCV  
  15  0:40  Barracks  
  16  0:44  Refinery  
  16  0:51  SCV  
  17  1:03  SCV  
  18  1:15  SCV  
  19  1:28  Reaper  
  19  1:29  Orbital Command  
  20  1:42  Command Center  
  20  1:52  Barracks  
  20  1:55  SCV  
  20  2:01  Barracks Reactor  
  21  2:05  Supply Depot  
  21  2:08  SCV  
  22  2:17  Refinery  
  22  2:20  SCV  
  23  2:30  Factory  
  23  2:32  SCV  
  24  2:40  Barracks Tech Lab, Marine  
  25  2:44  SCV, Marine  
  27  2:56  Orbital Command  
  27  2:57  Marine  
  28  2:58  Marine  
  28  3:01  Stimpack  
  28  3:02  Marine  
  28  3:05  SCV  
  31  3:15  Marine  
  31  3:17  Starport  
  32  3:20  Marine  
  32  3:23  SCV, Factory Reactor  
  32  3:25  Marine  
  35  3:32  Supply Depot  
  35  3:33  SCV  
  36  3:35  Marine  
  36  3:39  Marine  
  38  3:44  Marine  
  39  3:52  SCV  
  39  3:53  Marine  
  41  3:55  Supply Depot  
  41  3:57  Marine  
  41  4:02  SCV, Marine  
  43  4:04  Medivac x2  
  43  4:05  Widow Mine  
  50  4:10  Marine  
  50  4:15  Marine  
  52  4:17  SCV x2  
  52  4:20  Marine  
  52  4:21  Supply Depot  
  55  4:28  Marine  
  55  4:29  SCV  
  55  4:31  Supply Depot  
  57  4:34  Marine  
  58  4:43  Marine  
  59  4:46  Marine  
  59  4:48  SCV  
  59  4:49  SCV  
  59  4:52  Marine  
  63  4:53  Command Center  
  63  4:54  Widow Mine  
  63  4:58  Medivac  
  67  5:01  Viking  
  67  5:04  Supply Depot  
  67  5:06  SCV x2  
  71  5:13  Marine x2  
  73  5:18  Marine  
  69  5:31  Marine x2  
  62  5:36  Marine  
  63  5:46  Engineering Bay x2  
  63  5:47  Factory Tech Lab  
  63  5:48  Combat Shields, SCV x2  
  63  5:49  Marine x2  
  67  5:51  Refinery x2  
  67  5:54  Marine  
  68  5:57  Barracks  
  68  5:58  Barracks  
  68  6:01  SCV, Barracks  
  69  6:05  Starport Reactor  
  69  6:08  SCV x2  
  71  6:13  Terran Infantry Armor Level 1, Terran Infantry Weapons Level 1  
  71  6:23  Orbital Command  
  71  6:26  SCV x2  
  71  6:30  Siege Tank  
  76  6:36  Marine  
  76  6:38  SCV  
  76  6:40  Marine x2  
  80  6:51  Marine  
  80  6:53  Barracks Reactor, Marine  
  75  6:56  Barracks Reactor  
  75  6:58  Marine x2  
  75  7:00  Marine  
  75  7:01  SCV x2  
  75  7:05  Siege Tank  
  78  7:09  Armory, Marine  
  78  7:10  Supply Depot  
  78  7:11  Marine  
  78  7:13  Orbital Command  
  79  7:16  Marine x2  
  79  7:17  Marine  
  79  7:18  Supply Depot  
  79  7:20  Supply Depot  
  82  7:26  SCV x2  
  82  7:27  Marine  
  82  7:29  Marine  
  86  7:30  Marine x2  
  86  7:34  Marine  
  86  7:36  Marine x2  
  91  7:37  Marine  
  91  7:38  SCV x2  
  91  7:41  SCV  
  95  7:46  Marine  
  95  7:50  Medivac, SCV x2  
  100  7:52  Medivac  
  100  7:53  SCV, Marine  
  100  7:54  Marine  
  104  7:58  Marine x3  
  104  8:01  Marine x3  
  104  8:02  SCV x2  
  104  8:03  Supply Depot  
  104  8:04  Marine  
  114  8:05  SCV  
  114  8:09  Terran Infantry Weapons Level 2  
  114  8:14  SCV  
  114  8:16  Terran Infantry Armor Level 2  
  114  8:17  Marine x2  
  71  8:20  Medivac  
  118  8:22  SCV x2  
  118  8:23  Marine x2  
  118  8:27  Factory, Refinery  
  123  8:29  Marine x2  
  123  8:31  Marine  
  123  8:32  SCV  
  123  8:34  SCV, Marine  
  128  8:35  Marine  
  128  8:36  Marine  
  128  8:37  Supply Depot  
  128  8:38  SCV  
  132  8:43  Marine  
  133  8:51  SCV  
  133  8:52  Supply Depot  
  133  8:53  Supply Depot  
  133  8:55  Terran Vehicle Weapons Level 1  
  133  8:58  Siege Tank, Marine x4  
  133  9:01  Marine  
  141  9:13  Concussive Shells, Marine x3  
  141  9:14  Medivac x2, SCV, Marine  
  141  9:16  Supply Depot, Marine x3  
  153  9:19  SCV x2  
  153  9:22  Supply Depot, Marine x2  
  156  9:25  Factory Tech Lab  
  156  9:31  Marine  
  156  9:37  Marine x5  
  156  9:38  Siege Tank  
  165  9:44  Supply Depot, Marine x3  
  168  9:45  Supply Depot  
  168  9:46  Supply Depot  
  168  9:49  Marine  
  169  9:55  Marine  
  169  9:56  Marine  
  169  9:58  Marine  
  169  9:59  Marine  
  173  10:04  Barracks  
  173  10:05  Barracks  
  173  10:06  Barracks, Marine x4  
  177  10:07  Marine  
  177  10:10  Siege Tank  
  177  10:13  Marine  
  182  10:14  Marine  
  182  10:16  Marine  
  182  10:17  Marine  
  184  10:22  Supply Depot  
  184  10:23  Marine x3  
  184  10:24  Marine  
  184  10:25  Marine  
  189  10:31  Marine  
  189  10:32  Marine  
  191  10:39  Marine  
  191  10:40  Command Center  
  191  10:41  Medivac  
  191  10:42  Medivac  
  196  10:44  Sensor Tower, Siege Tank  
  199  11:01  Marine x2  
  199  11:02  Barracks Tech Lab, Barracks Reactor x2  
  200  11:15  Ghost Academy  
Tags
 
Add a new tag
Caveats
  • Supply blocks, unpowered buildings, or Contaminate may cause inaccurate times.
  • Supply counts are checked every 10 seconds.